 Dungeon Crawl Stone Soup version 0.17.2-1-ge4368a0 (webtiles) character file.

19289 Goblin1989 the Slicer (level 12, -4/96 HPs)
             Began as a Demonspawn Assassin on Nov 18, 2016.
             Was an Initiate of Gozag.
             Slain by an elephant (10 damage)
             ... on level 2 of the Lair of Beasts on Nov 19, 2016.
             The game lasted 01:29:02 (19107 turns).

Goblin1989 the Slicer (Demonspawn Assassin)        Turns: 19107, Time: 01:29:03

Health: -4/96      AC: 16    Str: 14    XL:     12   Next: 35%
Magic:  12/12      EV: 11    Int: 14    God:    Gozag
Gold:   932        SH: 10    Dex: 18    Spells: 2 memorised, 1 level left

rFire  . . .     SeeInvis .     a - +4 scimitar (flame)
rCold  . . .     Clarity  .     C - +1 plate armour of Depression {rCorr Int+2}
rNeg   + + .     SustAt   .     K - +0 shield
rPois  .         Gourm    .     (no helmet)
rElec  .         Spirit   .     d - +0 cloak
rCorr  +         Warding  +     z - +1 pair of gloves
rMut   .         Stasis   .     (boots unavailable)
MR     .....                    M - amulet of warding
Stlth  ..........               v - ring of positive energy
                                Q - +6 ring of evasion

@: not resistant to hostile enchantments, extremely unstealthy
A: hooves 3, molten scales 1, demonic guardian 1, nightstalker 1
a: Potion Petition, Call Merchant, Bribe Branch, Renounce Religion


You were on level 2 of the Lair of Beasts.
You worshipped Gozag.
Gozag was noncommittal.
You were hungry.

You visited 4 branches of the dungeon, and saw 16 of its levels.

You collected 4257 gold pieces.
You spent 1382 gold pieces at shops.
You paid 1943 gold pieces to Gozag.

Inventory:

Hand Weapons
 a - a +4 scimitar of flaming (weapon)
 w - a +0 blowgun {@w1}
Missiles
 e - 31 poisoned needles
Armour
 d - a +0 cloak (worn)
 z - a +1 pair of gloves (worn)
 C - the +1 plate armour of Depression (worn) {rCorr Int+2}
   (You bought it in a shop on level 1 of the Lair of Beasts)

   It affects your intelligence (+2).
   It protects you from acid and corrosion.
 K - a +0 shield (worn)
Jewellery
 g - an uncursed amulet of resist corrosion
 t - an uncursed ring of teleportation
 v - a ring of positive energy (right hand)
 M - an amulet of warding (around neck)
 Q - a +6 ring of evasion (left hand)
Wands
 p - a wand of teleportation (3) {!v, @v4}
 E - a wand of enslavement (15)
 G - a wand of frost (12)
Scrolls
 c - 3 scrolls of teleportation {unknown}
 h - 3 scrolls of fog {unknown}
 i - 3 scrolls of remove curse {@r2}
 j - a scroll of recharging {unknown}
 k - a scroll of torment {unknown}
 m - 2 scrolls of blinking {unknown}
 n - 5 scrolls of enchant armour {unknown}
 o - 3 scrolls of fear {unknown}
 s - 3 scrolls of magic mapping {unknown}
 D - 3 scrolls of immolation {unknown}
 I - a scroll of noise {unknown}
 L - a scroll of amnesia {unknown}
 N - 4 scrolls of enchant weapon {unknown}
 R - 2 scrolls of identify {@r1}
Potions
 f - a potion of invisibility
 l - a potion of magic {unknown}
 q - a potion of might
 u - a potion of cure mutation {unknown}
 y - 3 potions of curing {@q1}
 B - a potion of degeneration {unknown}
 H - a potion of flight
 J - 3 potions of heal wounds {!q, @q2}
 P - a potion of resistance
Books
 b - a book of Envenomations

   Spells                             Type                      Level
   a - Spider Form                    Transmutation/Poison         3
   b - Alistair's Intoxication        Transmutation/Poison         4
   c - Olgreb's Toxic Radiance        Poison                       4
   d - Poisonous Cloud                Conjuration/Poison/Air       6
 x - a book of Geomancy

   Spells                             Type                      Level
   a - Sandblast                      Earth                        1
   b - Stoneskin                      Transmutation/Earth          2
   c - Passwall                       Transmutation/Earth          3
   d - Stone Arrow                    Conjuration/Earth            3
   e - Petrify                        Transmutation/Earth          4
   f - Lee's Rapid Deconstruction     Earth                        5
 F - a book of Burglary

   Spells                             Type                      Level
   a - Swiftness                      Charms/Air                   2
   b - Passwall                       Transmutation/Earth          3
   c - Passage of Golubria            Translocation                4
   d - Lee's Rapid Deconstruction     Earth                        5
   e - Darkness                       Hexes                        6
   f - Invisibility                   Hexes                        6
Comestibles
 r - 7 meat rations {@e2}
 A - a bread ration {@e1}


   Skills:
 + Level 9.4 Fighting
   Level 10.2(11.3) Short Blades
 * Level 8.2(10.4) Long Blades
 - Level 1.7 Throwing
 + Level 3.3 Armour
 - Level 7.6 Dodging
 - Level 4.0 Stealth
 + Level 7.0 Shields


You had one spell level left.
You knew the following spells:

 Your Spells              Type           Power        Failure   Level  Hunger
g - Passage of Golubria   Tloc           N/A          100%        4    #####..
I - Invisibility          Hex            #.......     100%        6    #######


Dungeon Overview and Level Annotations

Branches:
Dungeon (10/15)            Temple (1/1) D:4            Lair (2/8) D:8
    Orc (3/4) D:10
    Elf: Orc:3-4

Altars:
Ashenzari
Cheibriados
Dithmenos
Elyvilon
Fedhas
Gozag
Kikubaaqudgha
Makhleb
Nemelex Xobeh
Okawaru
Qazlal
Ru
Sif Muna
Trog
Vehumet
Yredelemnul
Zin
The Shining One

Shops:
D:4 %   D:8 (   Lair:1 [

Portals:
Trove: D:10 (give +2 storm dragon armour)

Annotations:
D:3 Goblin1989's ghost, amateur DsHu
D:4 Goblin1989's ghost, amateur DsAr
D:6 magog001's ghost, novice MiFi
Orc:3 Goblin1989's ghost, journeyman DsAr


Innate Abilities, Weirdness & Mutations

You have hooves in place of feet.
You are partially covered in molten scales (AC +1).
A weak demonic guardian rushes to your aid.
You are slightly more attuned to the shadows.


Message History

Your quasit claws the elephant but does no damage.
The elephant tramples you but does no damage.
You block the elephant's attack. The elephant tramples you.
* * * LOW HITPOINT WARNING * * *
You hold your ground!
You block the elephant's attack. The elephant barely misses you.
The elephant completely misses you.
The elephant tramples you but does no damage.
The elephant completely misses you.
Your quasit bites the elephant but does no damage.
Your quasit claws the elephant.
Your quasit claws the elephant but does no damage.
You take 6 damage, and have 5/96 hp.
You hit the elephant but do no damage. You kick the elephant.
The elephant is almost dead.
You block the elephant's attack. x2
Your quasit bites the elephant but does no damage.
Your quasit claws the elephant but does no damage.
Your quasit barely misses the elephant.
The elephant tramples you!
You die...
Your body crumbles into a pile of gold.

█.........^██ █...........█
██..........█ █...........█
█.....>....██ █...........█
............███...........█
.............██......<....█
.............██..........█.
..............█.......!.██
..............5Y█Y.....██
...............Y@█....██
...............Y██..███
.............P█....██
.............███..P█
..........███ ....
██......█P█ ..██
███..█.████ █ ....██
.....██


You could see 4 elephants and a friendly quasit.

Vanquished Creatures
  The ghost of Goblin1989 the Blocker, a journeyman OpFi of Gozag (Lair:1)
  2 hydras
  Erica (D:10)
  An orc high priest (Orc:2)
  2 hill giants (D:10)
  An elephant (Lair:2)
  2 komodo dragons (Lair:2)
  3 trolls
  A slime creature (D:9)
  Prince Ribbit (D:5)
  A two-headed ogre (D:10)
  4 hippogriffs
  Eustachio (D:5)
  A hungry ghost (D:9)
  22 yaks
  A human (D:7)
  Edmund (D:5)
  3 wargs
  12 orc warriors
  A water moccasin (Lair:1)
  4 porcupines
  3 sky beasts (D:10)
  A black bear (D:8)
  2 ice beasts
  2 phantoms (D:4)
  12 ogres
  4 crocodiles
  9 giant frogs
  3 centaurs
  6 killer bees (D:8)
  4 scorpions
  11 wights
  3 crimson imps
  3 giant frog skeletons
  A giant frog zombie (D:10)
  A jelly (D:7)
  4 iguanas
  2 hounds
  24 orc priests
  An iron imp (D:6)
  6 worker ants
  Natasha (twice) (D:4)
  27 orc wizards
  A killer bee zombie (D:9)
  2 sheep (D:7)
  A hound skeleton (D:5)
  A hound zombie (D:4)
  A worker ant zombie (D:6)
  10 gnolls
  21 river rats
  3 adders
  2 shadow imps (D:8)
  2 oozes
  An adder zombie (D:7)
  2 worms
  5 giant geckos
  130 orcs
  3 ball pythons
  5 bats
  3 giant cockroaches
  8 hobgoblins
  15 jackals
  2 quokkas
  A giant cockroach zombie (D:5)
  A giant gecko zombie (D:7)
  10 giant newts
  8 goblins
  2 jackal skeletons (D:4)
  A jackal zombie (D:6)
  12 kobolds
  2 quokka skeletons (D:6)
  9 rats
461 creatures vanquished.

Vanquished Creatures (collateral kills)
  2 trolls (D:10)
  2 yaks
  A porcupine (D:8)
  2 crocodiles
  A wight (D:8)
  An orc priest (Orc:3)
  An adder (D:9)
  An adder skeleton (D:9)
  3 orcs
14 creatures vanquished.

Vanquished Creatures (others)
  A quokka (D:8)
  3 bushes (D:8)
  A fungus (D:8)
  10 plants (D:8)
15 creatures vanquished.

Grand Total: 490 creatures vanquished

Notes
Turn   | Place    | Note
--------------------------------------------------------------
     0 | D:1      | Goblin1989 the Demonspawn Assassin began the quest for the Orb.
     0 | D:1      | Reached XP level 1. HP: 16/16 MP: 1/1
   346 | D:1      | Gained mutation: You are partially covered in molten scales (AC +1). [demonic ancestry]
   346 | D:1      | Reached XP level 2. HP: 22/22 MP: 2/2
  1026 | D:2      | Gained mutation: You have large cloven feet. [demonic ancestry]
  1026 | D:2      | Reached XP level 3. HP: 23/27 MP: 3/3
  1545 | D:2      | Reached XP level 4. HP: 33/33 MP: 4/4
  1563 | D:2      | Reached skill level 4 in Short Blades
  2633 | D:3      | Noticed Goblin1989's ghost (amateur DsHu)
  2765 | D:3      | Gained mutation: You have hoof-like feet. [demonic ancestry]
  2765 | D:3      | Reached XP level 5. HP: 24/38 MP: 5/5
  2908 | D:3      | Reached skill level 5 in Short Blades
  3093 | D:3      | Found a sparkling altar of Nemelex Xobeh.
  3684 | D:4      | Reached skill level 6 in Short Blades
  3684 | D:4      | Reached XP level 6. HP: 42/44 MP: 6/6
  3731 | D:4      | Found Mughuno's Food Boutique.
  3903 | D:4      | Noticed an ogre
  3952 | D:4      | Killed an ogre
  4170 | D:4      | Noticed Natasha
  4172 | D:4      | Killed Natasha
  4179 | D:4      | Found a staircase to the Ecumenical Temple.
  4186 | Temple   | Entered the Ecumenical Temple
  4261 | Temple   | Became a worshipper of Gozag Ym Sagoz the Greedy
  4262 | Temple   | Goblin1989: !lg goblin1989 s=-god
  4262 | Temple   | beem: 1531 games for goblin1989: Jiyva, Beogh, 2x Pakellas, 2x Nemelex Xobeh, 3x Yredelemnul, 3x Sif Muna, 4x Zin, 6x Kikubaaqudgha, 7x Uskayaw, 7x The Shining One, 9x Xom, 10x Qazlal, 11x Vehumet, 13x Elyvilon, 14x Hepliaklqana, 14x Fedhas, 25x Ashenzari, 26x Dithmenos, 27x Lugonu, 35x Ru, 50x Cheibriados, 78x Trog, 81x Makhleb, 90x Gozag, 91x Okawaru, 921x
  4313 | D:4      | Reached skill level 7 in Short Blades
  4313 | D:4      | Reached XP level 7. HP: 50/50 MP: 7/7
  4342 | D:4      | Noticed Natasha
  4362 | D:4      | Killed Natasha
  4414 | D:4      | Noticed an ogre
  4434 | D:4      | Killed an ogre
  4580 | D:4      | Noticed a phantom
  4583 | D:4      | Killed a phantom
  4634 | D:4      | Reached skill level 8 in Short Blades
  4835 | D:4      | Noticed a phantom
  4852 | D:4      | Killed a phantom
  4857 | D:4      | Noticed Goblin1989's ghost (amateur DsAr)
  4882 | D:5      | Entered Level 5 of the Dungeon
  4887 | D:5      | Noticed Eustachio
  4907 | D:5      | Killed Eustachio
  4907 | D:5      | Reached XP level 8. HP: 34/56 MP: 8/8
  5102 | D:5      | Noticed Prince Ribbit
  5139 | D:5      | Killed Prince Ribbit
  5139 | D:5      | Reached skill level 9 in Short Blades
  5387 | D:5      | Noticed Edmund
  5412 | D:5      | Killed Edmund
  5588 | D:5      | Found a glowing silver altar of Zin.
  5616 | D:5      | Reached skill level 10 in Short Blades
  5944 | D:5      | Found an ancient bone altar of Kikubaaqudgha.
  5970 | D:6      | Reached skill level 1 in Dodging
  6067 | D:6      | Noticed magog001's ghost (novice MiFi)
  6246 | D:6      | Learned a level 6 spell: Invisibility
  6285 | D:6      | Found a snail-covered altar of Cheibriados.
  6329 | D:6      | Found a snail-covered altar of Cheibriados.
  6566 | D:6      | Found a radiant altar of Vehumet.
  6913 | D:6      | Gained mutation: You are slightly more attuned to the shadows. [demonic ancestry]
  6913 | D:6      | Reached XP level 9. HP: 63/65 MP: 9/9
  7084 | D:7      | Reached skill level 1 in Shields
  7119 | D:7      | Found a shadowy altar of Dithmenos.
  7228 | D:7      | jacquesderrida: Gobleng
  7318 | D:7      | Found a basalt altar of Yredelemnul.
  7352 | D:7      | Goblin1989: hi
  7397 | D:7      | Reached skill level 5 in Fighting
  7786 | D:7      | jacquesderrida: hi
  8229 | D:7      | Found a bloodstained altar of Trog.
  8355 | D:7      | Reached skill level 5 in Dodging
  8450 | D:8      | Found a white marble altar of Elyvilon.
  8533 | D:8      | Gained mutation: A weak demonic guardian rushes to your aid. [demonic ancestry]
  8533 | D:8      | Reached XP level 10. HP: 38/76 MP: 10/10
  8834 | D:8      | Bought a glowing rapier for 124 gold pieces
  9723 | D:8      | Found a staircase to the Lair.
  9763 | D:8      | Reached skill level 1 in Armour
  9884 | D:7      | Reached skill level 1 in Long Blades
 10762 | D:8      | Found a blossoming altar of Fedhas.
 11120 | D:9      | Found a shattered altar of Ashenzari.
 11756 | D:9      | Reached skill level 5 in Shields
 11883 | D:9      | Noticed a frost giant
 11956 | D:10     | Entered Level 10 of the Dungeon
 12013 | D:10     | Reached XP level 11. HP: 65/84 MP: 11/11
 12041 | D:10     | Found a staircase to the Orcish Mines.
 12138 | D:10     | Noticed a hill giant
 12167 | D:10     | Killed a hill giant
 12358 | D:10     | Iwannabefree: another demonspawn of gozag
 12358 | D:10     | Iwannabefree: why
 12480 | D:10     | Noticed a hill giant
 12504 | D:10     | Killed a hill giant
 12504 | D:10     | Reached skill level 5 in Long Blades
 12885 | D:10     | Goblin1989: ну
 12885 | D:10     | Goblin1989: по-другому не умею я
 12885 | D:10     | Goblin1989: ущербный гоблин
 13147 | D:10     | Found a portal to a secret trove of treasure.
 13759 | Orc:1    | Entered Level 1 of the Orcish Mines
 14107 | Orc:1    | Noticed Erica
 14396 | D:10     | Killed Erica
 15291 | Orc:1    | Goblin1989: так
 15291 | Orc:1    | Goblin1989: хватит кроула
 15291 | Orc:1    | Goblin1989: фигню творю
 15756 | Orc:2    | Noticed an orc high priest
 15829 | Orc:2    | Killed an orc high priest
 17086 | Orc:3    | Gained mutation: You have hooves in place of feet. [demonic ancestry]
 17086 | Orc:3    | Reached XP level 12. HP: 64/94 MP: 12/12
 17145 | Orc:3    | Noticed Goblin1989's ghost (journeyman DsAr)
 17237 | Orc:3    | HP: 1/94 [orc priest/trident of holy wrath (4)]
 17399 | Lair:1   | Entered Level 1 of the Lair of Beasts
 17401 | Lair:1   | Noticed Goblin1989's ghost (journeyman OpFi)
 17449 | Lair:1   | Killed Goblin1989's ghost
 17719 | Lair:1   | Learned a level 4 spell: Passage of Golubria
 18027 | Lair:1   | Noticed a six-headed hydra
 18089 | Lair:1   | Killed a two-headed hydra
 18720 | Lair:1   | Bought an ichor-stained ring mail for 306 gold pieces
 18730 | Lair:1   | Identified the +0 ring mail "Ziaj" {+Inv Dex+2 Stlth-} (You bought it in a shop on level 1 of the Lair of Beasts)
 18730 | Lair:1   | Bought an ancient plate armour for 952 gold pieces
 18740 | Lair:1   | Identified the cursed +1 plate armour of Depression {rCorr Int+2} (You bought it in a shop on level 1 of the Lair of Beasts)
 19079 | Lair:2   | Noticed a five-headed hydra
 19099 | Lair:2   | Killed a one-headed hydra
 19107 | Lair:2   | Slain by an elephant

Action                   |  1- 3 |  4- 6 |  7- 9 | 10-12 || total
-------------------------+-------+-------+-------+-------++-------
Melee: Dagger            |    78 |   141 |   379 |    40 ||   638
       Scimitar          |       |       |       |   993 ||   993
       Rapier            |       |       |       |    25 ||    25
 Fire: Blowgun           |    21 |    77 |   103 |    45 ||   246
Invok: Call Merchant     |       |       |       |     2 ||     2
       Potion Petition   |       |       |       |     2 ||     2
  Use: Scroll            |       |     1 |     1 |     5 ||     7
       Potion            |       |       |     3 |     9 ||    12
 Stab: Sleeping          |     5 |    20 |    21 |     9 ||    55
       Distracted        |     1 |     2 |       |    13 ||    16
       Invisible         |       |       |       |     3 ||     3
  Eat: Chunk             |     2 |     8 |       |       ||    10
       Royal jelly       |       |       |     2 |       ||     2
       Bread ration      |       |       |     2 |     4 ||     6
       Meat ration       |       |       |       |     2 ||     2
       Beef jerky        |       |       |       |     2 ||     2
       Pizza             |       |       |       |     7 ||     7
       Fruit             |       |       |       |     1 ||     1

Vault maps used:
D:1:      dpeg_arrival_long_road, wad_floor_pattern_untrapped
D:3:      first_bread, lemuel_statue_altar
D:4:      minmay_temple_entry_statues_pillars, serial_shops,
          nicolae_shop_behind_doors, uniq_natasha
D:5:      kennysheep_mini_moat, zin_statuary, minmay_misc_feat_rows,
          kennysheep_generic_room_9, uniq_edmund, uniq_prince_ribbit1,
          uniq_eustachio
D:6:      slow_altar_2, vehumet_altar_wand_db, minmay_misc_feat_alley,
          mrwooster_statue_mirror, cheibriados_altar_1
D:7:      old_standard_altar, lemuel_coloured_pillars_altar,
          kennysheep_little_box, grunt_livestock
D:8:      lemuel_crystal_altar, elyvilon_altar_4,
          nicolae_overflow_hidden_temple, minmay_lair_entry_grove
D:9:      cheibrodos_ashenzari_chains, minmay_evil_grid
D:10:     orc_0_dummy, nicolae_trove_entry_crystal
Temple:   cyrus_temple_forest_13
Orc:1:    amalloy_card_club, uniq_erica
Orc:3:    nicolae_orc_pool_cavern
